Map: Lerilak Crest

Players

NightOwl

  • Race: Zerg Zerg
  • League: Grandmaster

Javert - Winner!

  • Race: Zerg Zerg
  • League: Grandmaster

VOD

Have the link to the VOD?

Description

Time

  • Played on: June 27, 2015, 8:22 p.m.
  • Length: 4:16
Show
View Real Time Build Order
Export as new Build Order

NightOwl Zerg 

Build Orders: Hatch First 

Get SALT Encoding   

  12  0:02  Drone  
  13  0:12  Drone  
  14  0:21  Overlord  
  14  0:26  Drone, Extractor  
  15  0:40  Drone x2  
  17  0:47  Drone  
  18  0:58  Drone  
  19  1:08  Hatchery  
  18  1:17  Spawning Pool  
  17  1:19  Drone  
  17  1:20  Extractor  
  17  1:24  Overlord  
  17  1:28  Drone  
  18  1:44  Drone  
  19  2:02  Drone  
  19  2:04  Zergling x2  
  19  2:05  Queen  
  23  2:11  Drone  
  24  2:21  Queen  
  26  2:23  Drone x2  
  28  2:35  Drone  
  28  2:36  Drone  
  30  2:37  Metabolic Boost  
  30  2:40  Queen  
  30  2:42  Overlord  
  32  2:49  Zergling x2  
  33  2:53  Zergling x2  
  34  3:01  Zergling x2  
  35  3:12  Drone x2  
  35  3:17  Drone x4  
  39  3:26  Drone  
  40  3:27  Overlord  
  40  3:28  Drone  
  41  3:35  Drone x2, Extractor x2  
  41  3:38  Extractor  
  40  3:45  Drone x2  
  40  3:47  Overlord  
  40  3:48  Drone x2  
  46  3:51  Drone x3  
  46  3:54  Zergling x2  
Show
View Real Time Build Order
Export as new Build Order

Javert Zerg - Winner!

Build Orders: Hatch First 

Get SALT Encoding   

  12  0:01  Drone  
  13  0:13  Overlord  
  13  0:18  Drone  
  14  0:31  Drone x2  
  16  0:50  Hatchery  
  16  0:53  Drone  
  16  0:55  Extractor  
  15  0:58  Drone  
  15  1:01  Drone  
  17  1:13  Drone  
  18  1:20  Spawning Pool  
  18  1:23  Drone  
  18  1:31  Drone  
  19  1:40  Drone  
  20  1:51  Overlord  
  20  2:07  Metabolic Boost  
  20  2:08  Queen  
  22  2:09  Queen  
  22  2:10  Zergling x4  
  22  2:15  Zergling x2  
  27  2:16  Zergling x2  
  28  2:34  Drone x3  
  31  2:37  Baneling Nest  
  31  2:42  Drone  
  31  2:50  Drone x2  
  33  2:58  Overlord  
  31  3:14  Drone x3  
  32  3:24  Zergling x16  
  40  3:28  Extractor  
  40  3:33  Overlord  
  39  3:37  Zergling x4  
  39  3:38  Zergling x2  
  41  4:01  Drone x6  
  41  4:02  Drone x2  
Tags
 
Add a new tag
Caveats
  • Supply blocks, unpowered buildings, or Contaminate may cause inaccurate times.
  • Supply counts are checked every 10 seconds.